AoeStats
← Ux'RaúlME

Arabia

507206562Analyzed
1v1 RM · 16d ago on Sep 17, 2026· 52m 19s· 2 players
Game mode
Random Map
Map size
Tiny (2 player)
Population
200
Speed
Normal
Resources
Standard
Victory
Conquest
Starting age
Dark Age
Ending age
Imperial Age
RankedLock teamsTeams togetherTeam positionsShared explorationLock speedFull tech treeHidden civsTurbo modeCheats
Victory
Defeat
🇨🇴 Dravidians · Colombia
1499
+12
🇲🇽 Byzantines · Mexico
1403
-12
Ux'RaúlME
7:18 Loom
10:03 Feudal Age
10:31 Double-Bit Axe
21:15 Castle Age
20:39 Scale Barding Armor
20:45 Forging
20:41 Fletching
21:14 Padded Archer Armor
21:36 Gold Mining
21:30 Horse Collar
23:05 Elite Skirmisher
25:43 Husbandry
28:52 Leather Archer Armor
29:29 Bodkin Arrow
32:19 Wheelbarrow
39:52 Imperial Age
39:36 Ballistics
39:12 Murder Holes
41:38 Chemistry
41:37 Bracer
46:36 Ring Archer Armor
49:54 Bow Saw
Chang Hua
6:27 Loom
9:02 Feudal Age
9:26 Man-at-Arms
10:59 Double-Bit Axe
12:49 Fletching
14:37 Padded Archer Armor
22:27 Castle Age
21:09 Gold Mining
21:22 Horse Collar
22:43 Crossbowman
24:49 Bow Saw
26:08 Bodkin Arrow
26:51 Wheelbarrow
27:36 Leather Archer Armor
29:25 Ballistics
35:23 Imperial Age
32:56 Heavy Plow
33:05 Stone Mining
33:51 Thumb Ring
35:33 Hand Cart
35:07 Town Watch
35:34 Masonry
38:27 Two-Man Saw
37:28 Elite Elephant Archer
39:32 Chemistry
39:39 Conscription
40:44 Bracer
43:14 Ring Archer Armor
47:41 Scale Barding Armor
48:13 Hoardings
48:11 Medical Corps
48:28 Wootz Steel
49:39 Chain Barding Armor
49:29 Forging
49:26 Murder Holes
50:13 Scale Mail Armor
49:35 Pikeman
50:01 Gambesons
50:17 Squires
50:02 Arson
50:21 Light Cavalry
51:02 Husbandry
52:50 Iron Casting
Connection lost

Rejoining the realm…

Still unreachable

The connection could not be restored.

Session expired

The server has moved on; the page needs a fresh start.